 Dungeon Crawl Stone Soup version 0.24.1-14-gf8d2b509d9 (webtiles) character file.

Game seed: 11034614522750244606, levelgen mode: deterministic

55 Spinowolf the Poker (level 3, -10/28 HPs)
             Began as a Demonspawn Gladiator on Nov 21, 2021.
             Killed by divine providence
             ... invoked by an orc priest
              (12 damage)
             ... on level 3 of the Dungeon on Oct 23, 2022.
             The game lasted 00:20:21 (1655 turns).

Spinowolf the Poker (Demonspawn Gladiator)          Turns: 1655, Time: 00:20:22

Health: -10/28     AC:  4    Str: 15    XL:     3   Next: 67%
Magic:  3/3        EV: 15    Int:  9    God:
Gold:   121        SH:  0    Dex: 14    Spells: 2/2 levels left

rFire    . . .     SeeInvis .   g - +5 dagger
rCold    . . .     Gourm    .   (no shield)
rNeg     . . .     Faith    +   b - +0 leather armour
rPois    .         Spirit   .   c - +0 helmet
rElec    .         Reflect  .   (no cloak)
rCorr    .         Harm     .   (no gloves)
MR       .....                  (no boots)
Stlth    +.........             h - amulet of faith
HPRegen  0.09/turn              j - ring of wizardry
MPRegen  0.08/turn              (no ring)

@: no status effects
A: repulsion field 1
a: no special abilities


You were on level 3 of the Dungeon.
You were full.

You visited 1 branch of the dungeon, and saw 3 of its levels.

You collected 121 gold pieces.

Inventory:

Hand Weapons
 a - a +0 trident
 g - a +5 dagger (weapon)
 i - a +0 war axe of freezing
Missiles
 d - 3 throwing nets (quivered)
Armour
 b - a +0 leather armour (worn)
 c - a +0 helmet (worn)
Jewellery
 h - an amulet of faith (around neck)
 j - a ring of wizardry (left hand)
Scrolls
 e - 4 scrolls of remove curse
Comestibles
 f - 3 rations


   Skills:
 + Level 2.7 Fighting
 * Level 0.4 Short Blades
 + Level 3.2 Polearms
 + Level 1.9 Throwing
 + Level 0.5 Armour
 + Level 3.1 Dodging


You had 2 spell levels left.
You didn't know any spells.
Your spell library was empty.

Dungeon Overview and Level Annotations

Branches:
Dungeon (3/15)

Altars:


Innate Abilities, Weirdness & Mutations

You are surrounded by a mild repulsion field. (EV +2)


Message History

The orc priest is moderately wounded.
The orc priest closely misses you.
You hit the orc priest.
The orc priest is heavily wounded.
You hit the orc priest.
The orc priest is severely wounded.
The orc priest mumbles some strange prayers to Beogh against you.
Pain shoots through your body!
* * * LOW HITPOINT WARNING * * *
You eat one of the 4 rations.
That ration really hit the spot!
The orc priest misses you.
You hit the orc priest.
The orc priest is almost dead.
The orc priest hits you with a +0 flail.
* * * LOW HITPOINT WARNING * * *
You hit the orc priest.
The orc priest is almost dead.
The orc priest mumbles some strange prayers to Beogh against you.
Beogh smites you!
You die...

#.#.#†# #.##.# #...
#.....# #.##.# #...
###.### #.##.# #...
#.# #.##.# #...
#.#### #.##.# ###+
#....# #....# #.
###.###############.
#..)................
#.#@################
# #o# # #..o.......
# #..r.......
............
####.........
#.........
#.......?.
#........r #


You could see an orc priest, an orc and a quokka.

Vanquished Creatures
  An adder (D:2)
  A worm (D:2)
  2 leopard geckos (D:3)
  An orc (D:3)
  A ball python (D:1)
  4 bats
  A giant cockroach (D:1)
  8 goblins
  4 hobgoblins
  A quokka (D:2)
  3 frilled lizards (D:1)
  3 kobolds
  10 rats
40 creatures vanquished.

Vanquished Creatures (others)
  5 toadstools (D:1)
5 creatures vanquished.

Grand Total: 45 creatures vanquished

Notes
Turn   | Place    | Note
-------+----------+-------------------------------------------
     0 | D:1      | Spinowolf the Demonspawn Gladiator began the quest for the
                  | Orb.
     0 | D:1      | Reached XP level 1. HP: 16/16 MP: 1/1
   304 | D:1      | Gained mutation: You are surrounded by a mild repulsion
                  | field. (EV +2) [demonic ancestry]
   304 | D:1      | Reached XP level 2. HP: 22/22 MP: 2/2
   833 | D:2      | Reached XP level 3. HP: 23/28 MP: 3/3
  1655 | D:3      | Killed from afar by an orc priest

Levels and vault maps discovered:
D:1:      ldierk_walled_garden, layout_rooms, minivault_4
D:2:      layout_basic, first_ration, minmay_misc_feat_rugged
D:3:      layout_basic

Skill      XL: |  1  2 |
---------------+-------+-----
Polearms       | 3 |  3.2
Dodging        | 3 |  3.1
Fighting       | |  2.7
Short Blades   | |  0.4
Throwing       | |  1.9
Armour         | |  0.5

Action                   || total
-------------------------++-------
Melee: Trident           ||    61
       Dagger            ||    51
  Use: Potion            ||     2
       Scroll            ||     6
  Eat: Ration            ||     2
Armor: Leather armour    ||    38
Dodge: Dodged            ||    99
